 Dungeon Crawl Stone Soup version 0.29.0-4-gdea44cf6ec (webtiles) character file.

Game seed: 731755801356097213

257 qw the Chopper (level 5, -5/46 HPs)
             Began as a Minotaur Fighter on Sept 4, 2022.
             Slain by a hobgoblin
             ... wielding a +0 scythe
              (8 damage)
             ... on level 4 of the Dungeon.
             The game lasted 00:01:14 (2988 turns).

qw the Chopper (Minotaur Fighter)                   Turns: 2988, Time: 00:01:15

Health: -5/46      AC: 12    Str: 22    XL:     5   Next: 93%
Magic:  4/4        EV:  6    Int:  5    God:
Gold:   151        SH:  4    Dex: 10    Spells: 4/4 levels left

rFire   . . .      SeeInvis .   Y - +0 war axe
rCold   . . .      Faith    .   c - +0 buckler
rNeg    . . .      Spirit   .   k - +0 plate armour
rPois   .          Reflect  .   (helmet restricted)
rElec   .          Harm     .   (no cloak)
rCorr   +          Rampage  .   e - +0 pair of gloves
Will    .....                   (no boots)
Stlth   ..........              (no amulet)
HPRegen 0.15/turn               g - ring of resist corrosion
MPRegen 0.09/turn               (no ring)

@: no status effects
A: horns 2, retaliatory headbutt
a: no special abilities


You were on level 4 of the Dungeon.
You visited 1 branch of the dungeon, and saw 4 of its levels.

You collected 151 gold pieces.


Innate Abilities, Weirdness & Mutations

You have a pair of horns on your head.
You reflexively headbutt those who attack you in melee.


   Skills:
 - Level 4.0 Fighting
 + Level 7.2 Axes
 - Level 3.6 Armour
 - Level 1.0 Dodging
 - Level 3.6 Shields


You had 4 spell levels left.
You didn't know any spells.
Your spell library was empty.

Inventory:

Hand Weapons
 i - a +2 whip of draining
 Y - a +0 war axe (weapon)
Armour
 c - a +0 buckler (worn)
 e - a +0 pair of gloves (worn)
 k - a +0 plate armour (worn)
Jewellery
 g - a ring of resist corrosion (left hand)
Scrolls
 a - a scroll of identify
 j - a scroll of teleportation
Potions
 d - a potion of might
 f - a potion of mutation
 l - a potion of attraction {unknown}
 n - a potion of curing

Dungeon Overview and Level Annotations

Branches:
Dungeon (4/15)
 Temple: D:4-7

Altars:
Makhleb
Zin


Message History

Where to? (* - list waypoints, Enter - D:4, ? - help)
What level of the Dungeon? (default 1, ? - help)
You climb downwards.
There is a stone staircase leading up, spattered with blood here.
There are monsters nearby!
A hobgoblin comes into view. It is wielding a +0 scythe.
The hobgoblin shouts!
You block the hobgoblin's attack.
A hobgoblin comes into view. It is wielding a +0 scythe.
You hit the hobgoblin but do no damage. You headbutt the hobgoblin.
The hobgoblin is severely wounded.
You block the hobgoblin's attack.
The hobgoblin hits you from afar with a +0 scythe!
The hobgoblin closely misses you.
The hobgoblin hits you from afar with a +0 scythe.
You hit the hobgoblin.
You kill the hobgoblin!
The hobgoblin hits you but does no damage.
The hobgoblin completely misses you.
The hobgoblin hits you with a +0 scythe.
The hobgoblin hits you from afar with a +0 scythe.
You closely miss the hobgoblin.
The hobgoblin hits you from afar with a +0 scythe!
You block the hobgoblin's attack.
You hit the hobgoblin.
The hobgoblin is severely wounded.
The hobgoblin hits you but does no damage. x3
The hobgoblin hits you from afar with a +0 scythe!
You hit the hobgoblin.
You kill the hobgoblin!
The hobgoblin barely misses you. x3
The hobgoblin hits you with a +0 scythe.
The hobgoblin barely misses you.
Things that are here:
a +0 scythe; a +0 robe You hit the hobgoblin but do no damage.
The hobgoblin barely misses you.
The hobgoblin hits you with a +0 scythe!
The hobgoblin hits you from afar with a +0 scythe!
You die...

###### ..[.
#..# #..# #
#.)#
#.#.##..#####..
#..gg@.<.......
##...#..#####..
#..g#g)#
#........
.>......###
........##
#......###
#...... .....


You could see 4 hobgoblins.

Vanquished Creatures
  An ice beast (D:3)
  A jelly (D:3)
  5 adders
  2 worms (D:3)
  2 dart slugs (D:1)
  2 orcs (D:3)
  8 bats
  6 endoplasms
  5 giant cockroaches
  9 goblins
  12 hobgoblins
  3 jackals (D:1)
  3 kobolds
  3 quokkas
  5 ball pythons
  A frilled lizard (D:3)
  5 rats
73 creatures vanquished.

Notes
Turn   | Place    | Note
-------+----------+-------------------------------------------
     0 | D:1      | qw the Minotaur Fighter began the quest for the Orb.
     0 | D:1      | Reached XP level 1. HP: 19/19 MP: 0/0
     0 | D:1      | 0 ||| qw: Version: 0.1-a-103-gd6f5d3a
     0 | D:1      | 0 ||| qw: Game counter: 5478
     0 | D:1      | 0 ||| qw: Always use a shield: true
     0 | D:1      | 0 ||| qw: God list: Ru
     0 | D:1      | 0 ||| qw: Allow faded altars: false
     0 | D:1      | 0 ||| qw: Do Orc after D:15 true
     0 | D:1      | 0 ||| qw: Do second Lair branch before Depths: true
     0 | D:1      | 0 ||| qw: Lair rune preference: random
     0 | D:1      | 0 ||| qw: Plans: Normal
     0 | D:1      | 0 ||| PLANNING D:1-11
   127 | D:1      | Reached skill level 3 in Axes
   128 | D:1      | 128 ||| Stepping ~*~*~tactically~*~*~ (hiding).
   133 | D:1      | Reached XP level 2. HP: 26/26 MP: 1/1
   376 | D:1      | Reached skill level 4 in Axes
   455 | D:1      | 455 ||| Stepping ~*~*~tactically~*~*~ (stealth).
   458 | D:1      | 458 ||| Stepping ~*~*~tactically~*~*~ (stealth).
   475 | D:1      | 475 ||| Stepping ~*~*~tactically~*~*~ (stealth).
   476 | D:1      | 476 ||| Stepping ~*~*~tactically~*~*~ (stealth).
   477 | D:1      | 477 ||| Stepping ~*~*~tactically~*~*~ (stealth).
   485 | D:1      | Reached XP level 3. HP: 31/31 MP: 2/2
   662 | D:1      | 662 ||| DROPPING +0 club.
   879 | D:1      | 879 ||| UPGRADING to ring of resist corrosion.
   880 | D:1      | 880 ||| READING 2 scrolls labelled AJARAI YMOSI.
   881 | D:1      | 881 ||| READING 2 scrolls labelled FEHEUGH OVVOT.
   882 | D:1      | 882 ||| DROPPING scroll of poison.
   883 | D:1      | 883 ||| Stepping randomly (stuck).
   884 | D:1      | 884 ||| Stepping ~*~*~tactically~*~*~ (cloud).
  1107 | D:2      | 1107 ||| STAIRDANCE
  1409 | D:2      | Reached skill level 5 in Axes
  1629 | D:2      | Reached XP level 4. HP: 39/39 MP: 3/3
  1693 | D:2      | Reached skill level 1 in Dodging
  1967 | D:2      | 1967 ||| DROPPING orb of energy.
  1968 | D:2      | 1968 ||| UPGRADING to +0 plate armour.
  1978 | D:2      | 1978 ||| DROPPING +0 scale mail.
  1979 | D:2      | 1979 ||| DROPPING amulet of magic regeneration.
  1980 | D:2      | 1980 ||| READING scroll labelled XENWIE JIQAWN.
  1981 | D:2      | 1981 ||| READING scroll labelled WESASK RUED.
  1982 | D:2      | 1982 ||| READING scroll labelled GAXIXILI WYNN.
  1985 | D:2      | 1985 ||| READING 2 scrolls of identify.
  1985 | D:2      | 1985 ||| IDENTIFYING bubbling grey potion
  2047 | D:3      | Noticed an ice beast
  2059 | D:3      | HP: 6/39 [ice beast (14)]
  2060 | D:3      | 2060 ||| DRINKING potion of heal wounds.
  2063 | D:3      | Killed an ice beast
  2064 | D:3      | Reached skill level 6 in Axes
  2064 | D:3      | Reached XP level 5. HP: 12/45 MP: 4/4
  2290 | D:3      | Found a burning altar of Makhleb.
  2442 | D:3      | Noticed a balrug
  2447 | D:3      | Found a glowing silver altar of Zin.
  2447 | D:3      | Noticed an angel
  2479 | D:3      | Reached skill level 7 in Axes
  2668 | D:3      | 2668 ||| Stepping ~*~*~tactically~*~*~ (stealth).
  2669 | D:3      | 2669 ||| Stepping ~*~*~tactically~*~*~ (stealth).
  2670 | D:3      | 2670 ||| Stepping ~*~*~tactically~*~*~ (stealth).
  2671 | D:3      | 2671 ||| Stepping ~*~*~tactically~*~*~ (stealth).
  2827 | D:3      | 2827 ||| UPGRADING to +0 pair of gloves.
  2832 | D:3      | 2832 ||| READING 3 scrolls labelled ROIKKE IDGHOPN.
  2833 | D:3      | 2833 ||| READING scroll labelled ANLYSHR LITIO.
  2834 | D:3      | 2834 ||| DRINKING 2 viscous puce potions.
  2835 | D:3      | 2835 ||| READING 2 scrolls of identify.
  2835 | D:3      | 2835 ||| IDENTIFYING viscous amethyst potion
  2836 | D:3      | 2836 ||| DROPPING 2 scrolls of vulnerability.
  2858 | D:4      | 2858 ||| STAIRDANCE
  2866 | D:4      | 2866 ||| STAIRDANCE
  2955 | D:4      | 2955 ||| STAIRDANCE
  2988 | D:4      | HP: 3/46 [hobgoblin/+0 scythe (12)]
  2988 | D:4      | Slain by a hobgoblin

Levels and vault maps discovered:
D:1:      dpeg_arrival_rooms_a, layout_basic, minmay_misc_feat_alley,
          grunt_decor_arrowhead
D:2:      layout_basic
D:3:      layout_rooms, grunt_temple_overflow_order_and_chaos_2,
          hangedman_decor_growths, minmay_misc_feat_four_crosses,
          chequers_mini_garden, chequers_avenue, kennysheep_generic_room_9
D:4:      minmay_bubble_buster, layout_loops_ring, sigmund_army

Skill      XL: |  1  2  3  4  5 |
---------------+----------------+-----
Axes           | 3 4 5 6 7 |  7.2
Dodging        | 1 |  1.0
Fighting       | 4 |  4.0
Armour         | |  3.6
Shields        | |  3.6

Action                   |  1- 3 |  4- 6 || total
-------------------------+-------+-------++-------
Melee: War axe           |    89 |    64 ||   153
       Headbutt          |     8 |    13 ||    21
  Use: Scroll            |     2 |     7 ||     9
       Potion            |       |     2 ||     2
Armor: Scale mail        |    33 |       ||    33
       Plate armour      |       |    26 ||    26
Dodge: Dodged            |    45 |    18 ||    63
Block: Buckler           |    18 |    15 ||    33

Table legend:
 A = Non-vault XP
 B = Vault XP
 C = Vault XP percentage of total XP
 D = Non-vault monster count
 E = Vault monster count
 F = Vault count percentage of total count
                 A         B        C        D         E       F
            +---------+---------+-------+---------+---------+-------
      Total |     336 |      32 |   8.7 |      68 |       5 |   6.8
            +---------+---------+-------+---------+---------+-------
        D:1 |      56 |       0 |   0.0 |      30 |       0 |   0.0
        D:2 |      50 |       0 |   0.0 |      17 |       0 |   0.0
        D:3 |     226 |      28 |  11.0 |      19 |       3 |  13.6
        D:4 |       4 |       4 |  50.0 |       2 |       2 |  50.0
            +---------+---------+-------+---------+---------+-------
